[Event "Teplice Open 2022"]
[Site "Teplice"]
[Date "2022.06.18"]
[Round "1.12"]
[White "Bosbach, Gerhard"]
[Black "Stocek, Jiri"]
[Result "0-1"]
[ECO "A25"]
[WhiteElo "2096"]
[BlackElo "2533"]
[Annotator "TA"]
[PlyCount "48"]
[EventDate "2022.06.18"]
[EventType "swiss"]
[EventCountry "CZE"]
[SourceTitle "playchess.com"]
[Source "ChessBase"]
[SourceQuality "1"]
[TimeControl "40/5400+30:1800+30"]

1. c4 e5 2. g3 Nc6 3. Bg2 Bc5 4. Nc3 d6 5. a3 a5 6. Nf3 {A25: English Opening vs King's Indian with ...Nc6 but without early d3.} Bf5 7. d3 Qd7 {[%emt 0:03:06] [#]} 8. e3 $146 {[%emt 0:04:39] The position is equal.} ({Predecessor:} 8. O-O Nge7 9. Be3 Bxe3 10. fxe3 O-O 11. Qd2 Bh3 12. d4 Bxg2 13. Kxg2 Qg4 14. d5 {0-1 (34) Kropp,J (1859)-Hoeffer,D (2264) Bremen 2018}) 8... Nf6 9. O-O O-O 10. d4 exd4 (10... Bb6 $11) 11. exd4 $14 Bb6 12. Bg5 (12. Be3 $14) 12... Ne4 $11 13. d5 (13. Be3 $11) 13... Nxc3 $1 $15 14. dxc6 (14. bxc3 $15 Ne5 15. Nxe5 dxe5 16. Qe2) 14... Nxd1 $17 15. cxd7 Nxb2 16. d8=Q Raxd8 17. Bxd8 Rxd8 18. Nd2 c6 19. Ra2 {[%emt 0:02:04] [#]} Na4 {[%emt 0:05:45] Black is much more active. The white rooks are badly placed.} 20. Be4 Bc8 21. Rc1 Re8 22. Rac2 Nc5 23. Rb1 (23. Rb2 $17 Bd8 24. Re1) 23... Ba7 $19 ({And not} 23... Nxe4 24. Nxe4 Bc7 25. Re2 $11 (25. f3 f5 $11)) 24. Re1 {[%emt 0:16:00] [#]} (24. Bf3) 24... Bf5 $1 {[%emt 0:01:01] Weighted Error Value: White=0.32/Black=0.07 (flawless)} 0-1

[Event "Teplice Open 2022"]
[Site "Teplice"]
[Date "2022.06.18"]
[Round "1.13"]
[White "Ali Marandi, Cemil Can"]
[Black "Laith, Kasib"]
[Result "1-0"]
[ECO "B07"]
[WhiteElo "2532"]
[BlackElo "2078"]
[Annotator "TA"]
[PlyCount "35"]
[EventDate "2022.06.18"]
[EventType "swiss"]
[EventCountry "CZE"]
[SourceTitle "playchess.com"]
[Source "ChessBase"]
[SourceQuality "1"]
[TimeControl "40/5400+30:1800+30"]

1. d4 d6 2. e4 Nf6 3. Nc3 g6 4. Bf4 c6 5. Qd2 b5 6. Bd3 {[%emt 0:00:57] B07: Pirc Defence: Miscellaneous Systems.} Nbd7 7. Nf3 {[%emt 0:01:53] Prevents e5.} Bg7 8. e5 {[%emt 0:04:08] [#]} (8. O-O $16) 8... b4 $146 {[%emt 0:06:37] White must now prevent ...dxe5.} ({Predecessor:} 8... dxe5 9. dxe5 Nh5 10. e6 fxe6 11. Ng5 Nxf4 12. Qxf4 Nf6 13. Nxh7 Nd5 14. Bxg6+ Kd7 15. Nxd5 cxd5 {0-1 (41) Lopez de Lerma,R-Bazan Solera,M Gijon 2000}) 9. Ne4 Nd5 (9... dxe5 $1 $14 10. Nxe5 (10. dxe5 Nxe4 11. Bxe4 Qb6 $14) 10... Nd5) 10. Bh6 $16 {[%emt 0:03:19] White is more active.} O-O {[%emt 0:05:58] [#]} (10... Kf8 $16 11. exd6 exd6) 11. h4 $1 $18 {[%emt 0:02:33][%cal Bh2h4,Bh4h5][%mdl 32] Hoping for h5.} (11. exd6 exd6 12. O-O (12. Nxd6 $2 Qe7+ 13. Ne4 f5 $19) (12. Bxg7 Kxg7 13. O-O N7b6 $11) 12... N7b6 $14) (11. Bxg7 $6 Kxg7 12. h4 (12. exd6 exd6 13. O-O N7b6 $11) 12... h5 $16) 11... f6 $2 (11... dxe5 {was worth a try.} 12. Bxg7 Kxg7) 12. h5 {[%emt 0:01:55] hxg6 is the strong threat.} g5 13. Bxg7 Kxg7 14. e6 {[%emt 0:08:18] And now Nexg5 would win.} N7b6 (14... Nf4 $142) 15. Nexg5 $1 {[%emt 0:01:11] White is clearly winning.} fxg5 (15... h6 $142 16. Nf7 Rxf7) 16. Qxg5+ ({Worse is} 16. h6+ Kh8 17. Nxg5 (17. Qxg5 Rg8 $15) 17... Nf4 18. Nf7+ Rxf7 19. exf7 Nxd3+ 20. Qxd3 Be6 $15) 16... Kh8 17. Qh6 {[%emt 0:00:06][%csl Gd3][%cal Rh6h7] [#]} Nf6 18. Ng5 {[%emt 0:00:20] Weighted Error Value: White=0.10 (very precise) /Black=0.79} 1-0

[Event "Teplice Open 2022"]
[Site "Teplice"]
[Date "2022.06.18"]
[Round "1.14"]
[White "Iliaguev, Daniel"]
[Black "Pultinevicius, Paulius"]
[Result "0-1"]
[ECO "A20"]
[WhiteElo "2091"]
[BlackElo "2536"]
[Annotator "TA"]
[PlyCount "50"]
[EventDate "2022.06.18"]
[EventType "swiss"]
[EventCountry "CZE"]
[SourceTitle "playchess.com"]
[Source "ChessBase"]
[SourceQuality "1"]
[TimeControl "40/5400+30:1800+30"]

1. g3 e5 2. c4 c6 3. Bg2 d5 4. cxd5 cxd5 5. d4 e4 6. a3 {[%emt 0:00:02] [#] A20: English Opening: 1...e5.} Bd6 $146 ({Predecessor:} 6... Nf6 7. Nc3 Be7 8. f3 Bf5 9. Nh3 exf3 10. exf3 Nc6 11. g4 Be6 12. Be3 Bd6 13. Nf4 h6 14. Nxe6 fxe6 {½-½ (115) Poley,V (2327)-Hector,J (2438) Norrkoping 2022}) 7. Nh3 Nc6 8. Nc3 {[%emt 0:11:24] The position is equal.} Nf6 9. O-O h6 {[%emt 0:06:30] Against Bg5} 10. Nf4 Bxf4 11. Bxf4 O-O 12. b4 Be6 13. f3 exf3 14. Bxf3 Rc8 15. Rc1 Qe7 16. Qd2 Rfd8 17. Be5 {[%emt 0:08:02] [#]} (17. Bg2 $1 $11 {keeps the balance.}) 17... Ne4 $1 $17 18. Bxe4 dxe4 19. Qe3 ({Not} 19. Qf4 $2 Bh3 20. Rfe1 f6 $19) 19... Nxe5 20. dxe5 Bh3 21. Rf4 Qxe5 {[%emt 0:03:39][%cal Oc8c3] White must now prevent ...Rxc3!} 22. Rxe4 Qf6 {[%emt 0:01:41][%cal Oc8c3] Strongly threatening ...Rxc3! Black is more active.} 23. Rf4 Qc6 24. Qf3 {[%emt 0:00:02][%mdl 8192] [#] Prevents Qg2+.} (24. Rf3 $17) 24... Qb6+ $1 $19 25. e3 Rd3 {[%emt 0:01:21][%csl LRc3,LRe3] Weighted Error Value: White=0.71/Black=0.06 (flawless)} 0-1

[Event "Teplice Open 2022"]
[Site "Teplice"]
[Date "2022.06.18"]
[Round "1.15"]
[White "Kozak, Adam"]
[Black "Hadraba, Vladimir"]
[Result "1-0"]
[ECO "E94"]
[WhiteElo "2532"]
[BlackElo "2089"]
[Annotator "TA"]
[PlyCount "49"]
[EventDate "2022.06.18"]
[EventType "swiss"]
[EventCountry "CZE"]
[SourceTitle "playchess.com"]
[Source "ChessBase"]
[SourceQuality "1"]
[TimeControl "40/5400+30:1800+30"]

1. Nf3 Nf6 2. c4 g6 3. Nc3 Bg7 4. e4 d6 5. d4 O-O 6. Be2 Nbd7 7. O-O e5 8. Be3 Ng4 9. Bg5 f6 10. Bc1 Nh6 11. dxe5 dxe5 {[%emt 0:06:31] E94: King's Indian: Classical: 6 Be2 e5 7 0-0: Various Black 7th moves.} 12. b4 Nf7 13. Ba3 Re8 {[%emt 0:09:12] [#] White has an edge.} 14. Qa4 $146 ({Predecessor:} 14. Qb3 c6 15. Rfd1 Qc7 16. b5 Bf8 17. Na4 Bxa3 18. Qxa3 Nf8 19. h3 Ne6 20. Bf1 {½-½ (37) Kostic,V (2420)-Antic,D (2460) Vrnjacka Banja 1998}) 14... Nf8 15. Rfd1 Bd7 16. b5 $36 {[%emt 0:01:31][%mdl 2048] White has some pressure.} Ne6 17. c5 {[%emt 0:00:42] aiming for c6.} c6 18. Bc4 Qc8 19. Rab1 Ned8 20. h3 {[%emt 0:13:26] White is much more active.} Be6 (20... Kh8 $14) 21. bxc6 $16 bxc6 {[%emt 0:01:36] [#] Black cannot hold the game after this.} (21... Nxc6 $16 22. Bd5 Bf8) 22. Ba6 $1 $18 Qc7 {[%emt 0:00:39] [#]} 23. Nd5 $1 Bxd5 24. exd5 Rf8 $2 (24... e4) 25. dxc6 {[%emt 0:00:59] Weighted Error Value: White=0.03 (flawless) /Black=0.42} 1-0

[Event "Teplice Open 2022"]
[Site "Teplice"]
[Date "2022.06.18"]
[Round "1.16"]
[White "Devnani Kush"]
[Black "Blomqvist, Erik"]
[Result "0-1"]
[ECO "E11"]
[WhiteElo "2086"]
[BlackElo "2523"]
[Annotator "TA"]
[PlyCount "78"]
[EventDate "2022.06.18"]
[EventType "swiss"]
[EventCountry "CZE"]
[SourceTitle "playchess.com"]
[Source "ChessBase"]
[SourceQuality "1"]
[TimeControl "40/5400+30:1800+30"]

1. d4 Nf6 2. c4 e6 3. Nf3 d5 4. g3 Bb4+ 5. Bd2 a5 6. Qc2 O-O 7. Bg2 Be7 {[%emt 0:00:22] E11: Bogo-Indian.} 8. O-O c6 9. Rd1 Nbd7 {[%emt 0:03:41] White has an edge.} 10. b3 (10. Bf4 {keeps more tension.} h6 11. Ne5 a4 12. Nd2) 10... b6 11. Bc3 Ba6 12. Nbd2 b5 13. Bb2 a4 {[%emt 0:11:20][%cal Ba5a4,Ba4a3][%mdl 32] [#]} 14. Rac1 $146 ({Predecessor:} 14. c5 b4 15. e4 a3 16. Bc1 dxe4 17. Nxe4 Nxe4 18. Qxe4 Nxc5 19. Qc2 Nd7 20. Qxc6 {0-1 (59) Jumabayev,R (2611)-Nguyen,N (2629) Doha 2016}) 14... Qb8 15. cxd5 (15. Re1 $11) 15... cxd5 $15 16. Qc7 a3 17. Ba1 b4 18. e3 Rc8 19. Qxb8 Raxb8 20. Ne5 {[%emt 0:01:37] Hoping for Nc6.} Bb5 {[%emt 0:12:25] Inhibits Nc6.} 21. Nxd7 (21. Bf1 $11 {keeps the balance.} Bxf1 22. Kxf1) 21... Nxd7 $17 22. Bf1 Bxf1 23. Kxf1 f5 24. Nf3 Bd6 25. Ne1 {[%emt 0:01:02] White is now going downhill.} (25. Ng5 $15) 25... g5 {[%emt 0:00:48][%cal Bg7g5,Bg5g4][%mdl 32] Black is more active.} 26. Nd3 g4 27. Ke2 Nf6 28. Nc5 Kf7 29. Rc2 {[%emt 0:00:41] [#]} (29. h3 $17) 29... h5 $1 $19 30. Rdc1 h4 31. Kd3 Rh8 32. Na6 Rb6 33. Nc5 Rbb8 (33... Rh5 $142 34. Re2 hxg3 35. fxg3 Rb8) 34. Na6 $1 Ra8 35. Nc5 Ra7 36. Rd1 Rc7 37. Rdc1 (37. Kd2 $142 hxg3 38. hxg3) 37... hxg3 {[%emt 0:01:29] Black is clearly winning.} 38. fxg3 Ne4 39. Na6 {[%emt 0:00:35] [#]} Nf2+ $1 {[%emt 0:00:53][%mdl 512] Weighted Error Value: White=0.32/Black=0.19 (very precise)} 0-1

[Event "Teplice Open 2022"]
[Site "Teplice"]
[Date "2022.06.18"]
[Round "1.17"]
[White "Iniyan, P."]
[Black "Uhl, Michael"]
[Result "1-0"]
[ECO "D37"]
[WhiteElo "2518"]
[BlackElo "2084"]
[Annotator "TA"]
[PlyCount "106"]
[EventDate "2022.06.18"]
[EventType "swiss"]
[EventCountry "CZE"]
[SourceTitle "playchess.com"]
[Source "ChessBase"]
[SourceQuality "1"]
[TimeControl "40/5400+30:1800+30"]

1. d4 d5 2. c4 e6 3. Nc3 Nf6 4. Nf3 Be7 5. Bf4 O-O 6. e3 c5 7. dxc5 Bxc5 8. Qc2 Qa5 9. a3 Nc6 10. O-O-O Be7 11. g4 dxc4 12. Bxc4 e5 13. g5 exf4 14. gxf6 Bxf6 {[%emt 0:02:18] And now ...Bg4 would win.} 15. Rd5 {[%emt 0:09:27] D37: Queen's Gambit Declined: 5 Bf4.} (15. Nd5 $11 Bd8 16. Rhg1 (16. Nxf4 Bg4 $17)) 15... Qc7 $1 $15 16. Rh5 (16. Rg1 $11 g6 17. Rb5) 16... g6 $17 17. Rg1 {[%emt 0:03:21][%cal Og1g6] Against Bg4. White wants to mate with Rxg6+! Black is better.} Be6 $1 {[%emt 0:17:44] A strong pair of Bishops.} 18. Ne4 {[%emt 0:04:14] [#]} Bg7 $146 ({Predecessor:} 18... Qe7 19. Nxf6+ Qxf6 20. Bxe6 Qxe6 21. Ng5 Qa2 22. Nxh7 Qa1+ 23. Qb1 Qxb1+ 24. Kxb1 fxe3 25. fxe3 {½-½ (66) Gyimesi,Z (2553)-Zumsande,M (2398) Pardubice 2003}) 19. Bxe6 fxe6 20. Neg5 Rac8 21. Kb1 (21. Nxe6 $2 Qd6 22. Rc5 (22. Nxf8 $2 Ne7 $19) 22... Qxe6 $19) 21... Nd8 ({Black should play} 21... Ne5 $17 22. Qxc7 Rxc7 23. Nxe5 fxe3 24. fxe3 (24. Nxe6 $2 exf2 25. Rf1 gxh5 $19) 24... gxh5 25. Nxe6 Re7 26. Nxf8 Rxe5) 22. Qxc7 $11 {[%emt 0:02:00] Dancing on a razor blade.} Rxc7 23. Rxh7 fxe3 24. fxe3 {[%emt 0:00:06] [#]} Rxf3 $1 25. Rxg7+ $1 Kxg7 26. Nxf3 {[%emt 0:00:03][%mdl 4096] Endgame KRN-KRN} Nc6 27. h4 Kf6 28. Rf1 Rd7 29. Ng5+ Ke5 30. Rf4 Nd8 (30... Rd1+ $11 {keeps the balance.} 31. Kc2 Rh1) 31. Rf8 {[%emt 0:01:23] White is more active.} (31. Nf3+ $16 Kd6 32. Rd4+ Kc7 33. Rxd7+ Kxd7 34. Ne5+ Ke7 35. Nxg6+ Kf6 36. Nf4) 31... Nc6 $14 32. Rf4 Nd8 33. Kc2 Rd6 $2 {[%emt 0:05:05] This move loses the game for Black.} ({Better is} 33... Kd6 $14) 34. Nf3+ $18 Kd5 35. Rd4+ Kc6 36. Ne5+ $1 Kc7 37. Rxd6 ({Don't do} 37. Nxg6 $6 Rc6+ 38. Kd3 Rc5 $16) 37... Kxd6 38. Nxg6 {[%emt 0:00:02] KN-KN} e5 39. Kd3 $1 {[%emt 0:00:23] Strongly threatening Ke4.} Ke6 $2 (39... Kd5 {was called for.} 40. e4+ Ke6) 40. Ke4 Nf7 {[%emt 0:00:16] [#]} 41. Nf8+ $1 Ke7 (41... Kf6 $142 42. Nd7+ Ke6) 42. Nh7 Nd6+ 43. Kxe5 Nc4+ {[%emt 0:00:04] [#]} 44. Kd4 $1 Nxb2 45. h5 b5 46. e4 (46. h6 $142 Nd1 47. e4) 46... Nc4 47. e5 Nxa3 48. h6 (48. Ng5 $142 Nc2+ 49. Ke4 Kf8 50. h6 Nb4 51. e6 Nc6 52. Kd5 Ne7+ 53. Kd6) 48... Nc4 49. Ng5 {[%emt 0:00:05] White mates.} Kf8 50. e6 Nd6 51. e7+ Kg8 52. Ke5 Ne8 53. Kf5 Nd6+ {[%emt 0:00:00] Weighted Error Value: White=0.09 (flawless) /Black=0.78} 1-0

[Event "Teplice Open 2022"]
[Site "Teplice"]
[Date "2022.06.18"]
[Round "1.18"]
[White "Kupsa, Matej"]
[Black "Budisavljevic, Luka"]
[Result "0-1"]
[ECO "D03"]
[WhiteElo "2082"]
[BlackElo "2507"]
[Annotator "TA"]
[PlyCount "156"]
[EventDate "2022.06.18"]
[EventType "swiss"]
[EventCountry "CZE"]
[SourceTitle "playchess.com"]
[Source "ChessBase"]
[SourceQuality "1"]
[TimeControl "40/5400+30:1800+30"]

1. d4 Nf6 2. Bg5 d5 3. e3 e6 4. Nf3 h6 5. Bh4 c5 6. c3 Nbd7 7. Nbd2 Be7 8. a4 O-O 9. Bd3 b6 10. O-O Bb7 {[%emt 0:00:20] D03: 1 d4 d5 2 Nf3 Nf6 3 Bg5, including Torre Attack with early ...d5.} 11. Qe2 a5 12. Ne5 Nxe5 {[%emt 0:12:47] The position is equal.} 13. dxe5 {[%emt 0:00:07] [#]} Nd7 $146 ({Predecessor:} 13... Ne8 14. Bg3 d4 15. exd4 cxd4 16. cxd4 Qxd4 17. Nf3 Qb4 18. Rfc1 Bd5 19. Qd2 Qg4 {1-0 (32) Buran,J (2216)-Stevik,P (1866) Topolcany 2020}) 14. Bxe7 Qxe7 15. f4 f6 16. exf6 Rxf6 17. e4 c4 18. Bc2 Qc5+ 19. Kh1 Raf8 20. exd5 exd5 21. Rae1 Qd6 22. f5 Nc5 23. Nf3 Bc6 24. Qd1 Re8 25. Nd4 Rxe1 26. Rxe1 Bd7 27. g3 Ne4 28. Bxe4 dxe4 29. Qe2 (29. Rxe4 Bc6 30. Qg4 Bxe4+ 31. Qxe4 Qd7 $17) 29... Qc5 30. Qxe4 Bxa4 (30... Bxf5 $11 31. Nxf5 (31. Qb7 Bh3 $11) 31... Rxf5) 31. h4 (31. Qe5 $14) 31... Bc6 32. Nxc6 Qxc6 33. Kg2 Qxe4+ 34. Rxe4 $11 {[%emt 0:00:07][%mdl 4096] Endgame KR-KR} Rd6 35. Kf3 Rd2 36. Re2 Rxe2 37. Kxe2 {[%emt 0:00:05] KP-KP} Kf7 {[%emt 0:00:11] aiming for ...Kf6.} 38. Ke3 {[%emt 0:01:36] Black must now prevent Kd4.} Kf6 39. Kd4 Kxf5 40. Kxc4 Kg4 41. Kb5 {[%emt 0:30:23] White threatens c4 and mate.} Kxg3 42. h5 Kg4 43. Kxb6 Kxh5 {[%emt 0:00:04] K3P-KPP} 44. c4 {[%emt 0:00:25] c5 would kill now.} g5 45. c5 {[%emt 0:00:06] White wants to mate with c6.} g4 46. c6 g3 47. c7 g2 48. c8=Q {[%emt 0:00:06] Threatening mate with Qg8.} g1=Q+ 49. Kxa5 {[%emt 0:00:23] KQ-KQ} Qa1+ 50. Kb4 Qxb2+ 51. Ka4 $1 Qd4+ 52. Kb3 Kh4 53. Qe6 h5 54. Qe1+ Kg4 {[%emt 0:00:00] ...h4 is the strong threat.} 55. Qe2+ Kg5 {[%emt 0:00:00] Hoping for ...h4.} 56. Qg2+ (56. Qb5+ $11 Kh6 57. Qc6+ Kg7 58. Qe6) 56... Qg4 $1 $15 {[%emt 0:00:00] Black is more active. White is on the road to losing.} 57. Qd5+ {[%emt 0:00:00] [#]} Kf4 $1 58. Qd4+ Kf3 59. Qd5+ Kf2 {[%emt 0:00:00] ( -> ...Qf3+)} 60. Kc2 (60. Qd2+ $17 {might work better.} Qe2 61. Qd8) 60... h4 $19 61. Qc5+ Kf1 62. Qf8+ Ke1 63. Qh6 h3 64. Qc1+ $2 {[%emt 0:00:00] [#]} (64. Qh7 $19) 64... Kf2 {[%emt 0:00:00] Black mates.} 65. Qh6 Qe2+ 66. Kb1 Qf1+ 67. Kc2 Kg1 68. Kb3 Qf3+ ({Weaker is} 68... h2 69. Qg5+ Kh1 70. Qd5+ Kg1 71. Qg5+ Kf2 72. Qf6+ Kg2 73. Qg5+ Kh3 74. Qh5+ Kg3 75. Qg5+ Kh3 76. Qh5+ Kg3 77. Qg5+ Kh3 $11) 69. Ka4 h2 70. Qg5+ Kf2 ({And not} 70... Qg2 71. Qc1+ Kf2 72. Qb2+ Kg3 73. Qb8+ Kh4 74. Qh8+ Kg4 75. Qg8+ Kf3 76. Qd5+ Kg3 77. Qg5+ Kh3 78. Qh5+ Kg3 79. Qg5+ Kh3 80. Qh5+ Kg3 81. Qg5+ $11) 71. Qd2+ Kg3 72. Qe1+ Kh3 73. Ka5 Qd5+ 74. Ka6 h1=Q 75. Qe3+ Qhf3 76. Qh6+ Kg2 77. Qg6+ Kf1 78. Qb1+ Qdd1 {[%emt 0:00:15] Weighted Error Value: White=0.08 (flawless) /Black=0.04 (flawless)} 0-1

[Event "Teplice Open 2022"]
[Site "Teplice"]
[Date "2022.06.18"]
[Round "1.19"]
[White "Ferreira, Jorge Viterbo"]
[Black "Levitan, Ronit"]
[Result "0-1"]
[ECO "D02"]
[WhiteElo "2512"]
[BlackElo "2097"]
[Annotator "TA"]
[PlyCount "88"]
[EventDate "2022.06.18"]
[EventType "swiss"]
[EventCountry "CZE"]
[SourceTitle "playchess.com"]
[Source "ChessBase"]
[SourceQuality "1"]
[TimeControl "40/5400+30:1800+30"]

1. d4 Nf6 2. Nf3 d5 3. g3 Bg4 4. Bg2 c6 5. h3 Bh5 6. c4 {[%emt 0:03:18] D02: 1 d4 d5 2 Nf3 sidelines, including 2...Nf6 3 g3 and 2...Nf6 3 Bf4.} e6 7. Nc3 Nbd7 8. Qb3 {[%emt 0:03:34] The position is equal.} Qb6 9. c5 Qxb3 10. axb3 {[%emt 0:00:07] [#]} Be7 $146 ({Predecessor:} 10... a6 11. b4 Rc8 12. g4 Bg6 13. Bf4 Be7 14. Nd2 O-O 15. Nb3 Bd8 16. Bd6 Re8 {½-½ (38) Harsha,B (2489)-Movsesian,S (2608) Warsaw 2021}) 11. b4 O-O 12. g4 Bg6 13. Bf4 a6 14. Nd2 h5 15. f3 (15. g5 $5 ) 15... Rfe8 16. O-O (16. Bh2 $11) 16... hxg4 $15 17. hxg4 Nh7 (17... a5 $1 $15 18. bxa5 (18. Rxa5 Rxa5 19. bxa5 e5 $17) 18... e5 19. dxe5 Bxc5+ 20. Kh1 Nxe5) 18. e4 dxe4 19. Ncxe4 Bxe4 20. Nxe4 Nhf6 21. Bd2 Rad8 22. Bc3 (22. g5 $5 ) 22... Nd5 23. Rae1 (23. g5 $15) 23... N7f6 ({Better is} 23... f5 $17 24. gxf5 exf5) 24. Nd2 {[%emt 0:01:31] [#]} (24. Nxf6+ $15 Bxf6 25. f4) 24... Nf4 $1 $17 25. Nc4 N6d5 {[%emt 0:00:30] Black is more active. Pair of Knights!} 26. Ne3 (26. Bd2 $17 {is a better defense.}) 26... Bf6 27. Nc2 (27. Nxd5 {might work better.} exd5 28. Kh2) 27... Bh4 $19 28. Re4 f5 29. Re5 Bf6 30. Ree1 Bh4 31. Re5 g6 32. Rd1 Kf7 33. Bf1 Rh8 34. Bc4 $2 (34. Be1) 34... Bg3 {[%emt 0:00:24][%cal Oh8h1] [#] ( -> ...Rh1+!). Black is clearly winning.} 35. Bxd5 cxd5 36. Be1 Nh3+ 37. Kg2 Bxe5 38. dxe5 Nf4+ 39. Kg3 g5 {[%emt 0:01:30] Hoping for ...Rh3+.} 40. gxf5 exf5 {[%emt 0:01:24] Strongly threatening ...Rh3+.} 41. Nd4 Kg6 42. Bc3 Rh3+ 43. Kf2 Rh2+ 44. Ke3 Re8 {[%emt 0:00:00] Weighted Error Value: White=0.35/Black=0.20 (precise)} 0-1

[Event "Teplice Open 2022"]
[Site "Teplice"]
[Date "2022.06.18"]
[Round "1.20"]
[White "Shatil, Shir"]
[Black "Santiago, Yago De Moura"]
[Result "1/2-1/2"]
[ECO "D96"]
[WhiteElo "2083"]
[BlackElo "2498"]
[Annotator "TA"]
[PlyCount "62"]
[EventDate "2022.06.18"]
[EventType "swiss"]
[EventCountry "CZE"]
[SourceTitle "playchess.com"]
[Source "ChessBase"]
[SourceQuality "1"]
[TimeControl "40/5400+30:1800+30"]

1. d4 Nf6 2. c4 g6 3. Nc3 d5 4. Nf3 Bg7 5. Qb3 dxc4 6. Qxc4 Be6 7. Qb5+ {[%emt 0:02:25] 7.Qa4+ is the hot move. D96: Grünfeld: Russian System (5 Qb3): sidelines.} Nc6 8. Qxb7 Bd7 {[%emt 0:00:08] [#] Threatens to win with ...Rb8.} 9. Qb3 {[%emt 0:00:08] White has an edge.} O-O 10. e3 Rb8 11. Qd1 {[%emt 0:00:09] [#]} Bf5 $146 {[%emt 0:00:12] White must now prevent ...Nb4.} ({Predecessor:} 11... Na5 12. Be2 c5 13. O-O Qc7 14. d5 Bf5 15. Bd3 Rfd8 16. e4 Bg4 17. h3 Bxf3 18. Qxf3 {1-0 (24) Tin,J (2467)-Ioannidis,E (2411) Chess.com INT 2020}) 12. Nh4 (12. Be2 $5 ) 12... Bg4 13. Be2 Bxe2 14. Nxe2 e5 15. Nf3 exd4 16. exd4 Nd5 17. O-O Nde7 18. b3 Nf5 19. Bf4 (19. Bg5 $16 Qd7 20. Rc1) 19... Ncxd4 $11 {[%emt 0:03:29] The position is equal.} (19... Nfxd4 {keeps more tension.} 20. Nexd4 Nxd4 21. Rc1 Rc8) 20. Nexd4 (20. Nfxd4 {looks sharper.} Nxd4 21. Rc1 Rc8 22. b4) 20... Nxd4 21. Nxd4 (21. Rc1 {is more complex.} Rc8 22. Nxd4 Bxd4 23. Rc6) 21... Bxd4 22. Bxc7 Bxf2+ $1 23. Rxf2 Qxc7 24. Qf3 Rb5 25. Raf1 Re5 26. Qf6 a5 27. h3 Re4 28. Rf4 Re2 29. R4f2 Re4 30. Rf4 Re2 31. R4f2 Re4 {[%emt 0:00:04] Weighted Error Value: White=0.07 (flawless) /Black=0.05 (flawless)} 1/2-1/2